 Dungeon Crawl Stone Soup version 0.29.1-13-g9f3cf754e1 (webtiles) character file.

Game seed: 9891849211602873481

182 croobank the Sneak (level 5, -4/37 HPs)
             Began as an Octopode Delver on Feb 8, 2023.
             Slain by an orc priest
             ... wielding a +0 short sword
              (5 damage)
             ... on level 4 of the Dungeon.
             The game lasted 00:09:37 (4046 turns).

croobank the Sneak (Octopode Delver)                Turns: 4046, Time: 00:09:38

Health: -4/37      AC:  1    Str: 11    XL:     5   Next: 61%
Magic:  5/5        EV: 14    Int: 15    God:
Gold:   91         SH:  0    Dex: 13    Spells: 4/4 levels left

rFire   . . .      SeeInvis .   a - +0 hand axe
rCold   . . .      Faith    .   (no shield)
rNeg    . . .      Spirit   .   (helmet restricted)
rPois   .          Reflect  .   (no amulet)
rElec   .          Harm     .   (no ring)
rCorr   .          Rampage  .   (no ring)
Will    .....                   (no ring)
Stlth   +++++.....              (no ring)
HPRegen 0.12/turn               (no ring)
MPRegen 0.09/turn               (no ring)
                                (no ring)
                                (no ring)

@: no status effects
A: almost no armour, amphibious, 8 rings, camouflage 1, gelatinous body 1,
(nimble swimmer 1), tentacles
a: no special abilities


You were on level 4 of the Dungeon.
You visited 1 branch of the dungeon, and saw 6 of its levels.

You collected 161 gold pieces.
You spent 70 gold pieces at shops.

Inventory:

Hand Weapons
 a - a +0 hand axe (weapon)
 h - a +0 rapier
 i - a +0 dagger
Missiles
 t - 6 javelins (quivered)
 x - 2 boomerangs
Magical Staves
 n - a staff of death
Jewellery
 w - a +6 ring of dexterity
Wands
 f - a wand of digging (3)
Scrolls
 b - a scroll of fog
 c - 2 scrolls of magic mapping
 d - 2 scrolls of fear
 g - 2 scrolls of silence {unknown}
 k - 4 scrolls of amnesia {unknown}
 o - 3 scrolls of enchant armour {unknown}
 p - 6 scrolls of identify {unknown}
 r - 2 scrolls of teleportation
 s - 3 scrolls of vulnerability {unknown}
Potions
 e - 2 potions of haste
 j - a potion of berserk rage {unknown}
 l - 2 potions of curing {unknown}
 m - a potion of invisibility {unknown}
 q - a potion of degeneration {unknown}
 u - a potion of heal wounds
 v - a potion of attraction {unknown}
 z - a potion of mutation {unknown}


   Skills:
 + Level 3.9 Fighting
 + Level 3.2 Axes
 + Level 3.3 Dodging
 + Level 7.6 Stealth


You had 4 spell levels left.
You didn't know any spells.
Your spell library contained the following spells:

 Spells                   Type           Power      Damage    Failure   Level
 Magic Dart               Conj           0%         1d3       26%         1
 Sting                    Tmut/Pois      0%         1d3       26%         1
 Searing Ray              Conj           0%         2d4       38%         2
 Fulminant Prism          Conj/Hex       0%         3d6       95%         4
 Iskenderun's Mystic Bla  Conj/Tloc      0%         2d3       95%         4
 Orb of Destruction       Conj           0%         9d5       100%        7


Dungeon Overview and Level Annotations

Branches:
Dungeon (6/15)
 Temple: D:4-7

Altars:

Shops:
D:1 *   D:3 !


Innate Abilities, Weirdness & Mutations

You cannot wear most types of armour.
You are amphibious.
You can wear up to eight rings at the same time.
Your skin changes colour to match your surroundings (Stealth+).
Your rubbery body absorbs attacks. (AC +1, EV +1)
((You are camouflaged when in or above water. (Stealth+)))
You have tentacles for arms and can constrict up to eight enemies at once.


Message History

The orc closely misses you.
You see here a staff of death.
You closely miss the orc. You grab the orc. You squeeze the orc.
You kill the orc!
n - a staff of death You see here a +0 flail.
Found a diamond ring.
The orc shouts!
The orc priest shouts!
The orc priest closely misses you.
You hit the orc priest but do no damage.
Your grab misses the orc priest.
The orc priest hits you with a +0 short sword.
You closely miss the orc priest. You grab the orc priest.
You hit the orc but do no damage. You constrict the orc priest.
The orc priest mumbles some strange prayers to Beogh against you.
Pain shoots through your body! The orc hits you with a +0 club.
You barely miss the orc priest.
The orc priest is lightly wounded.
You hit the orc but do no damage. You constrict the orc priest.
The orc priest misses you. The orc barely misses you.
You hit the orc priest. Your squeeze misses the orc priest.
The orc priest is lightly wounded.
You hit the orc. You constrict the orc priest.
The orc priest calls down the wrath of Beogh upon you.
Pain shoots through your body! The orc misses you.
You completely miss the orc priest.
The orc priest is moderately wounded.
You closely miss the orc. You constrict the orc priest.
The orc priest hits you with a +0 short sword.
* * * LOW HITPOINT WARNING * * *
The orc hits you with a +0 club.
* * * LOW HITPOINT WARNING * * *
You hit the orc priest but do no damage.
The orc priest is heavily wounded.
You hit the orc. You constrict the orc priest.
The orc priest hits you with a +0 short sword.
* * * LOW HITPOINT WARNING * * *
The orc completely misses you.
The orc priest hits you with a +0 short sword.
You die...

......).##...#
#######.##)..# #.##...#
#### #.##...# ...=.
######.##...##### .....
##...............+......
.#.........#####)#......
......)....###..........
............<#..@.......
.....#......##.oo.......
............++.......(..
............##.....#####
......########.....#
......########...^.##
........)..).........
.##...###############
.##†..# ..


You could see an orc priest and an orc.

Vanquished Creatures
  A scorpion (D:2)
  An orc wizard (D:4)
  An adder (D:3)
  3 worms
  3 dart slugs
  6 orcs
  5 endoplasms
  6 giant cockroaches
  5 goblins
  5 hobgoblins
  4 jackals (D:3)
  3 quokkas
  8 ball pythons
  6 bats
  A frilled lizard (D:2)
  2 kobolds (D:2)
  9 rats
69 creatures vanquished.

Vanquished Creatures (others)
  An orc (D:4)
1 creature vanquished.

Grand Total: 70 creatures vanquished

Notes
Turn   | Place    | Note
-------+----------+-------------------------------------------
     0 | D:5      | croobank the Octopode Delver began the quest for the Orb.
     0 | D:5      | Reached XP level 1. HP: 16/16 MP: 1/1
    26 | D:6      | Noticed an iguana
    57 | D:5      | Got the Papyrus of Excruciating Transformation
   207 | D:4      | Noticed an orc priest
   212 | D:4      | Reached XP level 2. HP: 17/21 MP: 2/2
   508 | D:1      | Found Udghobb's General Store.
   727 | D:1      | Reached XP level 3. HP: 14/26 MP: 3/3
  1305 | D:1      | Reached skill level 7 in Stealth
  1986 | D:2      | Noticed a scorpion
  2044 | D:2      | Killed a scorpion
  2045 | D:2      | Reached XP level 4. HP: 18/32 MP: 4/4
  2787 | D:2      | Reached XP level 5. HP: 27/37 MP: 5/5
  3062 | D:3      | Found Hiqa's Distillery.
  3071 | D:3      | Bought a potion of heal wounds for 70 gold pieces
  3323 | D:3      | Found a faded altar of an unknown god.
  3984 | D:4      | Noticed an ogre
  3994 | D:4      | Identified the +5 chain mail of Kuohegos {rF+ Str+7}
  4046 | D:4      | HP: 1/37 [orc priest/+0 short sword (6)]
  4046 | D:4      | Slain by an orc priest

Illustrated notes

Levels and vault maps discovered:
D:1:      dpeg_arrival_brainrot, layout_basic, serial_shops, nicolae_square_shop
D:2:      layout_loops_ring, grunt_ministairs_11
D:3:      layout_rooms, serial_shops, nicolae_shop_waterfront,
          dreamdust_ecumenical_altar_grove
D:4:      layout_basic
D:5:      layout_basic, minmay_temple_entry_arrows, serial_bayou,
          serial_bayou_pond_a, serial_bayou_ford_a, serial_bayou_pond_d,
          serial_bayou_lagoon_b, uniq_menkaure, uniq_blork_the_orc, uniq_pikel,
          uniq_sigmund
D:6:      layout_basic

Skill      XL: |  1  2  3  4  5 |
---------------+----------------+-----
Stealth        | 7 |  7.6
Dodging        | 3 |  3.3
Axes           | 3 |  3.2
Fighting       | |  3.9

Action                   |  1- 3 |  4- 6 || total
-------------------------+-------+-------++-------
Melee: Hand axe          |    78 |    62 ||   140
       Constrict         |    18 |    14 ||    32
       Tentacles         |    11 |    12 ||    23
       Punch             |     1 |     1 ||     2
Throw: Dart              |       |     2 ||     2
       Javelin           |       |     2 ||     2
  Use: Scroll            |       |     1 ||     1
       Potion            |       |     1 ||     1
 Stab: Distracted        |     1 |       ||     1
       Sleeping          |    11 |    13 ||    24
Armor: Skin              |     4 |     6 ||    10
Dodge: Dodged            |    43 |    45 ||    88
